 Dungeon Crawl Stone Soup version 0.19.0-2-gae57169 (webtiles) character file.

18 Gargoyl the Skirmisher (level 2, 24/24 HPs)
             Began as a Demonspawn Abyssal Knight on Nov 5, 2016.
             Was a Follower of Lugonu.
             Quit the game on level 1 of the Dungeon.
             The game lasted 00:01:48 (963 turns).

Gargoyl the Skirmisher (Demonspawn Abyssal Knight)   Turns: 963, Time: 00:01:49

Health: 24/24      AC:  5    Str: 12    XL:     2   Next: 48%
Magic:  3/3        EV:  9    Int: 13    God:    Lugonu [*.....]
Gold:   61         SH:  3    Dex: 12    Spells: 0 memorised, 1 level left

rFire  . . .     SeeInvis .     a - +1 hand axe
rCold  . . .     Gourm    .     d - +0 ring mail
rNeg   . . .     Faith    .     e - +0 buckler
rPois  .         Spirit   +     (no helmet)
rElec  .         Reflect  .     (no cloak)
rCorr  .         Harm     .     (no gloves)
MR     .....                    (no boots)
Stlth  +.........               (no amulet)
                                (no ring)
                                (no ring)

@: no status effects
A: magic shield
a: Depart the Abyss, Renounce Religion


You were on level 1 of the Dungeon.
You worshipped Lugonu.
Lugonu was aware of your devotion.
You were not hungry.

You visited 1 branch of the dungeon, and saw 1 of its levels.
You visited the Abyss 1 time.

You collected 61 gold pieces.

Inventory:

Hand Weapons
 a - a +1 hand axe (weapon)
Missiles
 j - 5 tomahawks (quivered)
Armour
 d - a +0 ring mail (worn)
 e - a +0 buckler (worn)
Scrolls
 h - a scroll of blinking {unknown}
 i - a scroll of teleportation {unknown}
Potions
 f - a potion of degeneration {unknown}
 g - 2 potions of heal wounds {unknown}
 k - a potion of cure mutation {unknown}
 l - a potion of curing {unknown}
Comestibles
 b - a royal jelly
 c - a bread ration


   Skills:
 + Level 3.4 Fighting
 + Level 1.8 Axes
 * Level 2.2 Armour
 + Level 0.8 Dodging
 + Level 0.1 Shields
 * Level 2.5 Invocations


You had one spell level left.
You didn't know any spells.

Dungeon Overview and Level Annotations

Branches:
Dungeon (1/15)

Altars:


Innate Abilities, Weirdness & Mutations

When hurt, damage is shared between your health and your magic reserves.


Message History

You hit the bat.
You kill the bat!
Lugonu accepts your kill.
A hobgoblin comes into view.
The hobgoblin shouts!
You see here a white potion.
The hobgoblin hits you.
You hit the hobgoblin but do no damage. The hobgoblin hits you.
You hit the hobgoblin.
You kill the hobgoblin!
Lugonu accepts your kill.
You see here a hobgoblin corpse.
l - a white potion You start resting.
Magic restored.
HP restored.
You see here a dagger.
You see here a stone.
Done exploring.
Are you sure you want to abandon this character and quit the game? (Confirm with "yes".)

#.##....).
#.##......
#.##......
#..#......
##.#......
##########.#......
#..........#......
#.######.#.#......
#@# #'######...
#.# #.## #### #.#
#..## #.# #...##
#.# ##....##
#.#####......##
#.+.....<.....#
#######......#####
##....###...


There were no monsters in sight!

Vanquished Creatures
  A giant cockroach (D:1)
  4 goblins (D:1)
  2 hobgoblins (D:1)
  2 bats (D:1)
  3 kobolds (D:1)
  5 rats (D:1)
17 creatures vanquished.

Vanquished Creatures (others)
  2 starspawn tentacles (Abyss:2)
2 creatures vanquished.

Grand Total: 19 creatures vanquished

Notes
Turn   | Place    | Note
-------+----------+-------------------------------------------
     0 | Abyss:1  | Gargoyl the Demonspawn Abyssal Knight began the quest for the Orb.
     0 | Abyss:1  | Reached XP level 1. HP: 18/18 MP: 2/2
    92 | Abyss:2  | Found a shimmering altar of Xom.
   122 | Abyss:2  | Noticed a large abomination
   122 | Abyss:2  | Noticed a spatial vortex
   127 | Abyss:2  | Noticed a spatial vortex
   133 | Abyss:2  | Noticed a snapping turtle zombie
   135 | Abyss:2  | Noticed a neqoxec
   136 | Abyss:2  | Noticed an orange demon
   136 | Abyss:2  | Noticed a quasit
   136 | Abyss:2  | Noticed a crimson imp
   152 | Abyss:2  | Noticed a tentacled starspawn
   155 | Abyss:2  | Noticed an apocalypse crab
   157 | Abyss:2  | Noticed a tentacled starspawn
   167 | Abyss:2  | Noticed a tentacled starspawn
   185 | Abyss:2  | Noticed a large abomination
   185 | Abyss:2  | Noticed a ynoxinul
   192 | D:1      | Escaped the Abyss
   670 | D:1      | Reached * piety under Lugonu
   670 | D:1      | Gained mutation: When hurt, damage is shared between your health and your magic reserves. [demonic ancestry]
   670 | D:1      | Reached XP level 2. HP: 23/24 MP: 3/3
   963 | D:1      | Quit the game

Skill      XL: |  1 |
---------------+----+-----
Armour         | 2 |  2.2
Fighting       | |  3.4
Axes           | |  1.8
Dodging        | |  0.8
Shields        | |  0.1
Invocations    | |  2.5

Action                   || total
-------------------------++-------
Melee: Hand axe          ||    54
Invok: Depart the Abyss  ||     1
Armor: Ring mail         ||    44
Dodge: Dodged            ||    53
Block: Buckler           ||    11
